AoeStats
← MattAtArms

Arabia

503982785Analyzed
1v1 RM · 1mo ago on Sep 3, 2026· 30m 51s· 2 players
Game mode
Random Map
Map size
Tiny (2 player)
Population
200
Speed
Normal
Resources
Standard
Victory
Conquest
Starting age
Dark Age
Ending age
Imperial Age
RankedLock teamsTeams togetherTeam positionsShared explorationLock speedFull tech treeHidden civsTurbo modeCheats
Victory
Defeat
🇨🇳 Mongols · China
2095
+8
🇬🇧 Chinese · United Kingdom
1908
-8
xingxing
6:40 Loom
8:43 Feudal Age
9:01 Man-at-Arms
9:27 Double-Bit Axe
12:29 Horse Collar
19:45 Castle Age
18:08 Fletching
19:24 Gold Mining
19:56 Elite Skirmisher
20:32 Bodkin Arrow
21:25 Bow Saw
22:31 Padded Archer Armor
26:01 Ballistics
MattAtArms
0:25 Loom
8:18 Feudal Age
8:59 Double-Bit Axe
19:39 Castle Age
18:30 Forging
18:13 Gold Mining
18:25 Padded Archer Armor
18:15 Fletching
18:36 Horse Collar
19:44 Crossbowman
20:24 Bodkin Arrow
20:44 Bow Saw
29:06 Wheelbarrow
Connection lost

Rejoining the realm…

Still unreachable

The connection could not be restored.

Session expired

The server has moved on; the page needs a fresh start.